 Dungeon Crawl Stone Soup version 0.22.1 (webtiles) character file.

78 Fang the Chopper (level 4, -3/29 HPs)
             Began as a Gargoyle Berserker on Sept 18, 2018.
             Was a Believer of Trog.
             Slain by a hobgoblin
             ... wielding a +0 club
             ... led by Robin
              (4 damage)
             ... on level 2 of the Dungeon.
             The game lasted 00:01:15 (1289 turns).

Fang the Chopper (Gargoyle Berserker)               Turns: 1289, Time: 00:01:16

Health: -3/29      AC:  5    Str: 21    XL:     4   Next: 36%
Magic:  4/4        EV: 12    Int:  8    God:    Trog [**....]
Gold:   82         SH:  0    Dex:  9    Spells: 3/3 levels left

rFire    . . .     SeeInvis .   a - +0 hand axe
rCold    . . .     Gourm    .   (no shield)
rNeg     + . .     Faith    .   b - +0 animal skin
rPois    ∞         Spirit   .   (no helmet)
rElec    +         Reflect  .   (no cloak)
rCorr    .         Harm     .   (no gloves)
MR       .....                  (no boots)
Stlth    +.........             (no amulet)
HPRegen  0.09/turn              (no ring)
MPRegen  0.09/turn              (no ring)

@: berserk cooldown, slowed, very slow
A: negative energy resistance 1, electricity resistance, unbreathing,
petrification resistance, rot immunity, AC +3
a: Berserk, Trog's Hand, Renounce Religion


You were on level 2 of the Dungeon.
You worshipped Trog.
Trog was pleased with you.
You were very hungry.

You visited 1 branch of the dungeon, and saw 2 of its levels.

You collected 82 gold pieces.

Inventory:

Hand Weapons
 a - a +0 hand axe (weapon)
Armour
 b - a +0 animal skin (worn)
Scrolls
 d - a scroll of immolation {unknown}
 e - 2 scrolls of enchant armour {unknown}
 f - a scroll of magic mapping {unknown}
Potions
 g - a potion of flight {unknown}
Comestibles
 c - a ration


   Skills:
 + Level 3.7 Fighting
 + Level 3.8 Axes
 + Level 2.2 Armour
 + Level 2.3 Dodging


You had 3 spell levels left.
You didn't know any spells.
Your spell library was empty.

Dungeon Overview and Level Annotations

Branches:
Dungeon (2/15)

Altars:

Annotations:
D:2 Robin


Innate Abilities, Weirdness & Mutations

You are resistant to torment.
Your stone body is resilient. (AC +3)
You are immune to poison.
You resist negative energy. (rN+)
You are resistant to electric shocks. (rElec)
You can survive without breathing.
You are immune to petrification.
You are immune to rotting.


Message History

The kobold hits you but does no damage. Robin misses you.
The hobgoblin closely misses you. The kobold closely misses you.
The hobgoblin closely misses you.
Unknown command.
You closely miss the hobgoblin. You barely miss the hobgoblin.
You completely miss Robin. You hit the kobold.
You kill the kobold!
Trog accepts your kill.
The hobgoblin no longer looks unusually strong.
Robin closely misses you. The hobgoblin hits you with a club.
The hobgoblin hits you but does no damage.
You hit Robin but do no damage. You hit the hobgoblin but do no damage.
You closely miss the hobgoblin.
Robin roars a battlecry!
The hobgoblin goes into a battle-frenzy!
The hobgoblin hits you with a club!
* * * LOW HITPOINT WARNING * * *
The hobgoblin closely misses you. Robin hits you but does no damage.
The hobgoblin hits you with a club.
You die...

#......####.#.# ..
..#...## ...# ###...#
#..## # .. ##....# #..#
.. ... ......#####..#.#
....
.##............#####>...
....<.....#..# #........
##.##.#....#.# #.g....#
......#...?#.###@g....#
#.......##...!..g†...##
#......#####†....)...#
##...### #.###))#....#
.....# #.# ....##...
...### #.##.##... ..
.### ..... #... . ##
..... .### ...... ##


You could see Robin and 2 hobgoblins.

Vanquished Creatures
  3 adders (D:2)
  A worm (D:2)
  A dart slug (D:2)
  A leopard gecko (D:2)
  2 giant cockroaches (D:2)
  11 goblins
  5 hobgoblins
  6 kobolds
  A quokka (D:2)
  5 bats
  2 frilled lizards (D:2)
  7 rats
45 creatures vanquished.

Notes
Turn   | Place    | Note
-------+----------+-------------------------------------------
     0 | D:1      | Fang the Gargoyle Berserker began the quest for the Orb.
     0 | D:1      | Reached XP level 1. HP: 14/14 MP: 1/1
   146 | D:1      | Reached XP level 2. HP: 17/19 MP: 2/2
   909 | D:2      | Reached XP level 3. HP: 23/24 MP: 3/3
  1065 | D:2      | Reached XP level 4. HP: 22/29 MP: 4/4
  1264 | D:2      | Reached ** piety under Trog
  1271 | D:2      | Noticed Robin
  1289 | D:2      | HP: 1/29 [hobgoblin/club[Robin] (8)]
  1289 | D:2      | Slain by a hobgoblin

Skill      XL: |  1  2  3 |
---------------+----------+-----
Axes           | 3 |  3.8
Dodging        | 2 |  2.3
Fighting       | |  3.7
Armour         | |  2.2

Action                   |  1- 3 |  4- 6 || total
-------------------------+-------+-------++-------
Melee: Hand axe          |   125 |    35 ||   160
Invok: Berserk           |     1 |     1 ||     2
  Eat: Chunk             |       |     2 ||     2
Armor: Animal skin       |    58 |     8 ||    66
Dodge: Dodged            |   111 |    29 ||   140
